 Dungeon Crawl Stone Soup version 0.29-a0-490-g77b3608bb8 (webtiles) character file.

Game seed: 3224768203160982119

5513 dolemite99 the Severer (level 10, -15/82 (84) HPs)
             Began as a Hill Orc Fighter on May 27, 2022.
             Was an Initiate of Gozag.
             Demolished by a white very ugly thing (23 damage)
             ... on level 1 of the Abyss.
             The game lasted 00:12:09 (10675 turns).

dolemite99 the Severer (Hill Orc Fighter)          Turns: 10675, Time: 00:12:10

HP:   -15/82 (84)   AC: 17    Str: 30    XL:     10   Next: 70%
MP:   10/10         EV:  7    Int:  8    God:    Gozag
Gold: 676           SH:  0    Dex: 10    Spells: 9/9 levels left

rFire   + . .      SeeInvis .   a - +1 war axe
rCold   + . .      Faith    .   h - +0 buckler
rNeg    . . .      Spirit   .   H - +0 plate armour
rPois   +          Reflect  .   e - +1 helmet
rElec   .          Harm     .   B - scarf {rC+ rF+}
rCorr   .          Rampage  .   o - +0 pair of gloves
Will    .....                   y - +0 pair of boots
Stlth   ..........              A - amulet of regeneration
HPRegen 1.03/turn               c - +6 ring of strength
MPRegen 0.12/turn               q - ring of poison resistance

@: confused, lethally poisoned (-15 -> -55), lightly drained
A: no striking features
a: Renounce Religion, Potion Petition, Call Merchant, Bribe Branch


You were on level 1 of the Abyss.
You worshipped Gozag.
Gozag was pleased with you.
You visited 1 branch of the dungeon, and saw 9 of its levels.
You visited the Abyss 1 time.

You collected 1597 gold pieces.
You spent 921 gold pieces at shops.

Inventory:

Hand Weapons
 a - a +1 war axe (weapon)
 b - the +8 hunting sling of the Eternal Void {freeze, rElec rF+ Str-4}
   (You found it on level 3 of the Dungeon)

   Any ammunition fired from it freezes those it strikes, dealing additional
   cold damage.
   It can also slow down cold-blooded creatures.
   Str:       It affects your strength (-4).
   rF:        It protects you from fire.
   rElec:     It insulates you from electricity.
 u - a +0 morningstar
 x - a +0 hand axe of venom
 F - a +4 lajatang of speed
 J - a +2 battleaxe of venom
Missiles
 g - 9 boomerangs (quivered)
 C - 5 atropa-tipped darts
 N - 4 poisoned darts
Armour
 e - a +1 helmet (worn)
 h - a +0 buckler (worn)
 o - a +0 pair of gloves (worn)
 y - a +0 pair of boots (worn)
 B - a scarf of resistance (worn)
 H - a +0 plate armour (worn)
Jewellery
 c - a +6 ring of strength (left hand)
 l - a ring of see invisible
 n - a ring of ice
 q - a ring of poison resistance (right hand)
 A - an amulet of regeneration (around neck)
 L - a +4 ring of protection
Wands
 d - a wand of iceblast (18)
 k - a wand of acid (3)
Scrolls
 i - 2 scrolls of fog
 t - a scroll of magic mapping
 E - a scroll of identify {@r1}
 K - 2 scrolls of fear
 P - a scroll of enchant weapon
Potions
 f - 4 potions of curing
 j - 4 potions of lignification
 m - a potion of degeneration {unknown}
 p - a potion of cancellation
 r - a potion of attraction {unknown}
 s - 2 potions of heal wounds {unknown}
 v - 3 potions of mutation {unknown}
 w - a potion of brilliance {unknown}
 z - 3 potions of haste
 D - a potion of resistance {unknown}
 G - 2 potions of magic {unknown}
 I - 2 potions of flight {unknown}
Miscellaneous
 M - a box of beasts (inert)


   Skills:
 - Level 6.9 Fighting
 - Level 15.6 Axes
 - Level 4.7 Slings
 - Level 6.3 Armour
 - Level 3.2 Shields
 + Level 4.3 Evocations


You had 9 spell levels left.
You didn't know any spells.
Your spell library contained the following spells:

 Spells                   Type           Power      Damage    Failure   Level
 Necrotize                Necr           0%         1d4       99%         1
 Shock                    Conj/Air       0%         1d3       99%         1
 Summon Small Mammal      Summ           0%         N/A       99%         1
 Ensorcelled Hibernation  Hex/Ice        0%         N/A       100%        2
 Call Canine Familiar     Summ           0%         N/A       100%        3
 Ignite Poison            Fire/Tmut/Pois 0%         N/A       100%        3
 Spider Form              Tmut/Pois      0%         N/A       100%        3
 Summon Guardian Golem    Hex/Summ       0%         N/A       100%        3
 Swiftness                Air            0%         N/A       100%        3
 Tukima's Dance           Hex            0%         N/A       100%        3
 Vampiric Draining        Necr           0%         2d6       100%        3
 Airstrike                Air            0%         N/A       100%        4
 Anguish                  Hex/Necr       0%         N/A       100%        4
 Olgreb's Toxic Radiance  Pois           0%         N/A       100%        4
 Passage of Golubria      Tloc           0%         N/A       100%        4
 Agony                    Necr           0%         N/A       100%        5
 Yara's Violent Unravell  Hex/Tmut       0%         3d3       100%        5


Dungeon Overview and Level Annotations

Branches:
Dungeon (9/15)             Temple (0/1) D:4            Lair (0/6) D:9
    Orc: D:9-12

Altars:
Gozag
Makhleb
Qazlal

Shops:
D:7 **(

Annotations:
D:3 exclusion: downstairs
D:4 Sigmund
D:5 exclusion: downstairs
D:6 1 runed translucent door, Crazy Yiuf


Message History

The small abomination barely misses you.
The golden eye blinks at you.
You are more confused.
A sky beast appears from thin air!
Reactivating autopickup.
You slash the golden eye!
The golden eye is severely wounded.
You miss the golden eye. You hit the small abomination.
You slash the white very ugly thing! The golden eye blinks at you.
You resist with almost no effort.
You bump into the rock wall.
The golden eye turns its gaze towards you.
The golden eye blinks at you.
You are more confused.
The golden eye blinks at you.
You are more confused.
The white very ugly thing bites you but does no damage.
The white very ugly thing attacks as you move away!
The white very ugly thing bites you. The white very ugly thing freezes you!
You resist. The golden eye blinks at you.
You are more confused.
The green very ugly thing pecks you.
You are lethally poisoned!
The green very ugly thing poisons you!
The golden eye blinks!
You slice the green very ugly thing!!
The green very ugly thing is moderately wounded.
You miss the golden eye. You hit the white very ugly thing.
* * * LOW HITPOINT WARNING * * *
You feel extremely sick.
The sky beast flickers out of sight!
Deactivating autopickup; reactivate with Ctrl-A.
The green very ugly thing pecks you.
* * * LOW HITPOINT WARNING * * *
The white very ugly thing bites you!
* * * LOW HITPOINT WARNING * * *
The white very ugly thing freezes you!! You resist.
You die...
Your body crumbles into a pile of gold.

#.## #ux.. .#
... .....#
..... # .##
....G #...##
.....###u.#
...#..#.xu##
......§{#u#
......#uu##
#.### #G@.#
##....#.#
#..#..#.# #
#####..#.####
# .# # .## #
#.....# #.#.
# ##### # #..
#. # ≈ ##.#
#. # # #


You could see 3 very ugly things, 2 ugly things and 2 golden eyes.

Vanquished Creatures
  2 two-headed ogres
  Pikel (D:6)
  A manticore (D:9)
  A large abomination (Abyss:1)
  Grinder (D:4)
  A wyvern (D:9)
  Menkaure (D:5)
  Duvessa (D:4)
  2 water moccasins
  2 ice beasts (D:5)
  A sky beast (D:6)
  2 ogres
  3 centaurs
  A lemure (D:5)
  2 phantoms (D:5)
  A kobold brigand (D:6)
  2 bullfrogs
  2 necrophages
  2 scorpions (D:5)
  Dowan (D:4)
  14 wights
  2 howler monkeys
  5 hounds
  An orc priest (D:8)
  A jelly (D:6)
  A gnoll shaman (D:6)
  2 iguanas
  13 adders
  10 gnolls
  2 white imps
  2 ufetubi
  A dart slug (D:1)
  23 orcs
  5 endoplasms
  2 giant cockroaches
  7 goblins
  7 hobgoblins
  6 ball pythons
  5 bats
  4 frilled lizards
  10 kobolds
  7 rats
160 creatures vanquished.

Vanquished Creatures (others)
  2 fungi (D:9)
  6 plants
8 creatures vanquished.

Grand Total: 168 creatures vanquished

Notes
Turn   | Place    | Note
-------+----------+-------------------------------------------
     0 | D:1      | dolemite99 the Hill Orc Fighter began the quest for the
                  | Orb.
     0 | D:1      | Reached XP level 1. HP: 19/19 MP: 1/1
   165 | D:1      | Reached skill level 3 in Axes
   231 | D:1      | Reached XP level 2. HP: 24/26 MP: 2/2
   503 | D:1      | Reached skill level 4 in Axes
   673 | D:1      | Found a faded altar of an unknown god.
   683 | D:1      | Prayed at the altar of an unknown god.
   683 | D:1      | Became a worshipper of Gozag Ym Sagoz the Greedy
   894 | D:1      | Got Plog's Papyrus of Captivating Poisoning
  1222 | D:2      | Reached XP level 3. HP: 23/31 MP: 3/3
  1617 | D:2      | Reached skill level 5 in Axes
  1620 | D:2      | Reached XP level 4. HP: 29/39 MP: 4/4
  1874 | D:2      | Found a burning altar of Makhleb.
  2012 | D:2      | Reached skill level 6 in Axes
  2209 | D:2      | Reached XP level 5. HP: 45/45 MP: 5/5
  2624 | D:3      | Identified the +8 hunting sling of the Eternal Void
                  | {freeze, rElec rF+ Str-4}
  2780 | D:3      | Reached skill level 7 in Axes
  3083 | D:4      | Noticed Grinder
  3094 | D:4      | Killed Grinder
  3095 | D:4      | Reached skill level 9 in Axes
  3095 | D:4      | Reached XP level 6. HP: 22/51 MP: 6/6
  3494 | D:4      | Noticed Sigmund
  3672 | D:4      | Reached XP level 7. HP: 38/57 MP: 7/7
  3932 | D:4      | Noticed Dowan
  3932 | D:4      | Noticed Duvessa
  3951 | D:4      | Killed Duvessa
  3952 | D:4      | Reached skill level 10 in Axes
  3954 | D:4      | Killed Dowan
  4405 | D:4      | Found a staircase to the Ecumenical Temple.
  4767 | D:5      | Entered Level 5 of the Dungeon
  4799 | D:5      | Reached skill level 11 in Axes
  4846 | D:5      | Noticed Menkaure
  4859 | D:5      | Killed Menkaure
  4860 | D:5      | Reached XP level 8. HP: 55/64 MP: 8/8
  4865 | D:5      | Reached skill level 12 in Axes
  5218 | D:5      | Reached skill level 13 in Axes
  5445 | D:6      | Noticed Pikel
  6025 | D:6      | Reached XP level 9. HP: 56/70 MP: 9/9
  6378 | D:6      | Found a stormy altar of Qazlal.
  6429 | D:6      | HP: 2/65 [wight/+0 battleaxe (10)]
  6987 | D:6      | Killed Pikel
  7471 | D:6      | Reached skill level 5 in Fighting
  7471 | D:6      | Reached skill level 14 in Axes
  7572 | D:6      | Found a runed translucent door.
  7573 | D:6      | Noticed Crazy Yiuf
  7732 | D:7      | Found Puidi's General Store.
  7740 | D:7      | Bought a scroll of fear for 35 gold pieces
  7740 | D:7      | Bought a +4 ring of protection for 360 gold pieces
  7740 | D:7      | Bought a box of beasts for 400 gold pieces
  7740 | D:7      | Bought 4 poisoned darts for 16 gold pieces
  7923 | D:7      | Reached skill level 5 in Armour
  7998 | D:7      | Noticed a two-headed ogre
  8007 | D:7      | Killed a two-headed ogre
  8008 | D:7      | Reached skill level 15 in Axes
  8008 | D:7      | Reached XP level 10. HP: 38/83 MP: 10/10
  8416 | D:7      | Found Ytaesir's Elemental Accessories.
  8696 | D:7      | Bought a wand of iceblast (6) for 110 gold pieces
  8720 | D:7      | Found Zammof's Antique Weapon Shop.
  9368 | D:8      | Noticed a two-headed ogre
  9375 | D:8      | Killed a two-headed ogre
  9906 | D:9      | Found a staircase to the Lair.
  9922 | D:9      | Reached skill level 1 in Evocations
  9995 | D:9      | Noticed a manticore
 10003 | D:9      | Killed a manticore
 10445 | D:9      | Cast into level 1 of the Abyss (wight)
 10534 | Abyss:1  | Noticed a large abomination
 10555 | Abyss:1  | Killed a large abomination
 10645 | Abyss:1  | Noticed a green very ugly thing
 10653 | Abyss:1  | Noticed a green ugly thing
 10655 | Abyss:1  | Noticed a green very ugly thing
 10656 | Abyss:1  | Noticed a green ugly thing
 10657 | Abyss:1  | Noticed a green very ugly thing
 10675 | Abyss:1  | Demolished by a white very ugly thing

Illustrated notes

Levels and vault maps discovered:
D:1:      lemuel_arrival_room, layout_basic, ebering_ecumenical_altar_mist
D:2:      layout_rooms, basic_altar, st_stairs_9, serial_bayou_crossing
D:3:      layout_rooms
D:4:      layout_loops_ring, minmay_temple_entry_ruins,
          hangedman_abyss_or_decor_slice, grunt_decor_clamped, uniq_grinder,
          uniq_sigmund, uniq_duvessa
D:5:      layout_basic, uniq_menkaure
D:6:      layout_basic, mainiacjoe_overflow_alcove_2, uniq_crazy_yiuf_cottage,
          uniq_pikel
D:7:      layout_rooms, serial_shops, nicolae_shop_crystal,
          nicolae_inconvenience_store, nicolae_elemental_shop,
          nicolae_water_bricks
D:8:      layout_basic
D:9:      layout_basic, dpeg_oklobed_lair, skrybe_limestone_x
Abyss:1:  base:
D:5

Skill      XL: |  1  2  3  4  5  6  7  8  9 10 |
---------------+-------------------------------+-----
Axes           | 3 4 5 6 9 11 13 15 | 15.6
Slings         | 4 |  4.7
Fighting       | 6 |  6.9
Armour         | 5 6 |  6.3
Evocations     | 4 |  4.3
Shields        | |  3.2

Action                   |  1- 3 |  4- 6 |  7- 9 | 10-12 || total
-------------------------+-------+-------+-------+-------++-------
Melee: War axe           |    51 |    68 |    69 |    35 ||   223
 Fire: Hunting sling     |       |    42 |   195 |    94 ||   331
Throw: Boomerang         |    18 |    21 |       |       ||    39
Evoke: Box of beasts     |       |       |     1 |       ||     1
       Wand              |       |       |       |     5 ||     5
  Use: Scroll            |     5 |     4 |     6 |     3 ||    18
       Potion            |     1 |     1 |     3 |     1 ||     6
Armor: Scale mail        |    25 |    33 |    66 |       ||   124
       Skin              |       |       |     4 |       ||     4
       Chain mail        |       |       |     3 |     9 ||    12
       Plate armour      |       |       |       |    41 ||    41
Dodge: Dodged            |    30 |    38 |    85 |    25 ||   178
Block: Buckler           |     9 |    27 |    35 |    20 ||    91

Table legend: (Time is in decaauts)
 A = Elapsed time spent in this place.
 B = Non-inter-level travel time spent in this place.
 C = Inter-level travel time spent in this place.
 D = Time resting spent in this place.
 E = Time spent auto-exploring this place.
 F = Levels seen in this place.
 G = Mean time per level.
                   A        B        C        D        E       F      G
               +--------+--------+--------+--------+--------+-----+--------+
         Total |  10867 |  10486 |    381 |   4313 |   4085 |  10 | 1086.7 |
       Dungeon |  10641 |  10260 |    381 |   4169 |   4084 |   9 | 1182.3 |
         Abyss |    226 |    226 |      0 |    144 |      1 |   1 |  226.0 |
               +--------+--------+--------+--------+--------+-----+--------+

Top non-repeatable levels by time:
     D:6: 2298 daAuts
     D:4: 1725 daAuts
     D:1: 1549 daAuts
     D:5: 1108 daAuts
     D:2: 1104 daAuts
     D:7: 1011 daAuts
     D:8: 698 daAuts
     D:3: 587 daAuts
     D:9: 556 daAuts
 Abyss:1: 226 daAuts
